 Dungeon Crawl Stone Soup version 0.30.1-11-g7821555f0a (webtiles) character file.

Game seed: 5778008520418707975

152126 jfcaron the Impaler (level 17, -13/138 HPs)
             Began as a Gnoll Berserker on Nov 11, 2023.
             Was a High Priest of Trog.
             Mangled by a broodmother (36 damage)
             ... on level 4 of the Spider Nest on Nov 12, 2023.
             The game lasted 01:20:44 (41356 turns).

jfcaron the Impaler (Gnoll Berserker)              Turns: 41356, Time: 01:20:45

Health: -13/138    AC: 34    Str: 25    XL:     17   Next: 57%
Magic:  0/33       EV:  4    Int:  7    God:    Trog [*****.]
Gold:   841        SH:  0    Dex: 13    Spells: 40/40 levels left

rFire   + . .        a - +7 broad axe
rCold   . . .        N - +0 tower shield
rNeg    . . .        y - +2 crystal plate armour
rPois   +            H - +2 hat of the Bear Spirit {Spirit, Bear, *Rage Will++}
rElec   .            k - +2 cloak {Will+}
rCorr   +            W - +2 pair of gloves {infuse}
SInv    .            m - +0 pair of boots
Will    ++++.        P - amulet of reflection Stlth
                     c - ring of poison resistance
HPRegen 0.43/turn    q - ring "Qikkeq" {+Blink Fly rF+ rCorr Str+2}
MPRegen 0.23/turn

%: random rage (20%), reflection, guardian spirit
@: lethally poisoned (-13 -> -39), flying, held, studying Polearms
A: fangs 1, strong nose, distributed training
a: Renounce Religion, Evoke Blink, Berserk, Trog's Hand, Brothers in Arms


You were on level 4 of the Spider Nest.
You worshipped Trog.
Trog was extremely pleased with you.
You visited 4 branches of the dungeon, and saw 26 of its levels.

You collected 3978 gold pieces.
You spent 3137 gold pieces at shops.

Inventory:

Hand Weapons
 a - a +7 broad axe (weapon)
 F - a +2 war axe of flaming
   (Trog gifted it to you on level 4 of the Lair of Beasts)
 V - a +2 vampiric broad axe
   (You took it off an orc knight on level 2 of the Orcish Mines)
Missiles
 e - 10 curare-tipped darts {!f}
 s - 5 poisoned darts (quivered)
 B - 4 throwing nets {!f}
 E - 6 javelins
 O - 6 atropa-tipped darts {!f}
 X - 9 silver javelins {!f}
Armour
 k - a +2 cloak of willpower (worn)
   (You found it on level 7 of the Dungeon)
 m - a +0 pair of boots (worn)
 y - a +2 crystal plate armour (worn)
 H - the +2 hat of the Bear Spirit (worn) {Spirit, Bear, *Rage Will++}
   (You bought it in a shop on level 2 of the Orcish Mines)

   Bear:      Going berserk makes the wearer exceptionally tough, and they are
   slowed for a shorter time afterward.
   *Rage:     It berserks you when you make melee attacks (+20% chance).
   Will:      It greatly increases your willpower.
 N - a +0 tower shield (worn)
 W - a +2 pair of gloves of infusion (worn)
   (You bought it in a shop on level 2 of the Orcish Mines)
Jewellery
 c - a ring of poison resistance (left hand)
 q - the ring "Qikkeq" (right hand) {+Blink Fly rF+ rCorr Str+2}
   (You bought it in a shop on level 2 of the Orcish Mines)

   [ring of flight]

   Str:       It affects your strength (+2).
   rF:        It protects you from fire.
   Fly:       It grants you flight.
   +Blink:    It lets you blink.
   rCorr:     It protects you from acid and corrosion.
 P - an amulet of reflection (around neck)
   (You found it on level 8 of the Dungeon)
 Z - a ring of ice
   (You found it on level 12 of the Dungeon)
Wands
 t - a wand of iceblast (12)
   (You found it on level 3 of the Dungeon)
 v - a wand of digging (4)
 C - a wand of polymorph (19)
   (You found it on level 4 of the Dungeon)
 R - a wand of light (5)
 U - a wand of charming (14)
   (You found it on level 1 of the Spider Nest)
 Y - a wand of mindburst (13)
Scrolls
 b - 2 scrolls of blinking
 g - 6 scrolls of enchant weapon
 n - 7 scrolls of teleportation
 r - 2 scrolls of fog
 w - 3 scrolls of enchant armour
 x - a scroll of silence
 z - 8 scrolls of vulnerability
 D - 8 scrolls of magic mapping
 G - 6 scrolls of poison
 T - 3 scrolls of fear
Potions
 d - 7 potions of mutation
 f - 6 potions of brilliance
 h - 6 potions of lignification
 i - 7 potions of might
 j - a potion of cancellation
 l - 4 potions of attraction
 o - 3 potions of magic
 p - 16 potions of curing
 u - 5 potions of ambrosia
 I - 4 potions of invisibility
 J - 3 potions of flight
 K - 5 potions of haste
 M - a potion of heal wounds
 Q - 2 potions of resistance
Miscellaneous
 S - a phial of floods
   (You found it on level 4 of the Spider Nest)


   Skills:
 + Level 13.7 Fighting
 + Level 12.1 Short Blades
 + Level 12.1 Long Blades
 + Level 13.7 Axes
 + Level 12.1 Maces & Flails
 + Level 16.2 Polearms
 + Level 12.1 Staves
 + Level 12.1 Ranged Weapons
 + Level 12.1 Throwing
 + Level 12.9 Armour
 + Level 12.9 Dodging
 + Level 12.1 Stealth
 + Level 12.1 Shields
 + Level 12.1 Unarmed Combat
 + Level 12.1 Spellcasting
 + Level 10.3 Conjurations
 + Level 10.3 Hexes
 + Level 10.3 Summonings
 + Level 10.3 Necromancy
 + Level 10.3 Translocations
 + Level 10.3 Transmutations
 + Level 10.3 Fire Magic
 + Level 10.3 Ice Magic
 + Level 10.3 Air Magic
 + Level 10.3 Earth Magic
 + Level 10.3 Poison Magic
 + Level 13.2 Invocations
 + Level 12.1 Evocations


You had 40 spell levels left.
You didn't know any spells.
Your spell library contained the following spells:

 Spells                   Type           Power      Damage    Failure   Level
 Freeze                   Ice            72%        1d8       19%         1
 Slow                     Hex            72%        N/A       19%         1
 Cigotuvi's Dreadful Rot  Necr/Pois/Air  36%        N/A       28%         2
 Ensorcelled Hibernation  Hex/Ice        36%        N/A       28%         2
 Lesser Beckoning         Tloc           36%        N/A       28%         2
 Passwall                 Tmut/Erth      15%        N/A       28%         2
 Sublimation of Blood     Necr           18%        N/A       28%         2
 Wereblood                Tmut           18%        N/A       28%         2
 Confusing Touch          Hex            18%        N/A       50%         3
 Dazzling Flash           Conj/Hex       36%        N/A       50%         3
 Frozen Ramparts          Ice            36%        1d6       50%         3
 Gell's Gravitas          Tloc           18%        N/A       50%         3
 Hailstorm                Conj/Ice       18%        3d6       50%         3
 Summon Guardian Golem    Hex/Summ       18%        N/A       50%         3
 Swiftness                Air            18%        N/A       50%         3
 Teleport Other           Tloc           18%        N/A       50%         3
 Vampiric Draining        Necr           18%        2d7       50%         3
 Dispel Undead            Necr           18%        3d11      88%         4
 Petrify                  Tmut/Erth      18%        N/A       88%         4
 Summon Ice Beast         Ice/Summ       18%        N/A       88%         4
 Agony                    Necr           18%        N/A       99%         5
 Fireball                 Conj/Fire      9%         3d6       99%         5
 Irradiate                Conj/Tmut      9%         3d14      99%         5
 Iskenderun's Battlesphe  Conj           18%        2d7       99%         5
 Silence                  Hex/Air        9%         N/A       99%         5
 Summon Mana Viper        Hex/Summ       18%        N/A       99%         5
 Conjure Ball Lightning   Conj/Air       9%         3x3d6     100%        6
 Death Channel            Necr           9%         N/A       100%        6
 Monstrous Menagerie      Summ           9%         N/A       100%        7
 Orb of Destruction       Conj           9%         9d6       100%        7
 Spellforged Servitor     Conj/Summ      9%         N/A       100%        7
 Summon Hydra             Summ           9%         N/A       100%        7
 Discord                  Hex            9%         N/A       100%        8
 Disjunction              Tloc           9%         N/A       100%        8


Dungeon Overview and Level Annotations

Branches:
Dungeon (15/15)            Temple (0/1) D:6            Lair (5/5) D:10
  Swamp (0/4) Lair:2       Spider (4/4) Lair:3        Slime (0/5) Lair:5
    Orc (2/2) D:11            Elf (0/3) Orc:2        Vaults (0/5) D:14
 Depths (0/4) D:15

Altars:
Ashenzari
Cheibriados
Elyvilon
Hepliaklqana
Kikubaaqudgha
Makhleb
Qazlal
Ru
Trog
Uskayaw
Vehumet
Wu Jian
Xom

Shops:
D:7 *   Orc:1 =   Orc:2 ==([

Portals:
Abyss: D:13

Annotations:
D:13 2 transporters, Laveh's ghost, journeyman MiFi


Innate Abilities, Weirdness & Mutations

You have very sharp teeth.
Your uncanny sense of smell can sniff out nearby items.
Your experience applies equally to all skills.


Message History

The wolf spider goes berserk!
The moth of wrath goads the broodmother on!
The broodmother goes berserk!
The wolf spider closely misses you.
The wolf spider bites you but does no damage.
You block the redback's attack. The broodmother bites you!!
You block the jumping spider's attack. The jumping spider barely misses you.
You block the moth of wrath's attack. The wolf spider hits you.
The wolf spider bites you but does no damage.
The redback bites you but does no damage.
You hit the broodmother.
The broodmother is severely wounded.
You slash the jumping spider! You slash the redback!
You slash the moth of wrath! You hit the wolf spider.
You block the jumping spider's attack. The jumping spider closely misses you.
The wolf spider hits you! The wolf spider closely misses you.
The broodmother bites you!
The redback bites you but does no damage.
The jumping spider pounces on you. The jumping spider barely misses you.
The moth of wrath bites you. You block the wolf spider's attack.
The wolf spider bites you but does no damage.
You block the broodmother's attack. You block the redback's attack.
You barely miss the broodmother.
The broodmother is severely wounded.
You slash the moth of wrath! You barely miss the wolf spider.
You closely miss the jumping spider. You slash the redback!
You block the jumping spider's attack. x2
The wolf spider completely misses you. The wolf spider bites you!
You are poisoned.
The wolf spider poisons you! The redback barely misses you.
The broodmother bites you!! The jumping spider pounces on you.
* * * LOW HITPOINT WARNING * * *
You are caught in a web!
The jumping spider bites you but does no damage.
The moth of wrath bites you but does no damage.
The wolf spider hits you!!
* * * LOW HITPOINT WARNING * * *
The wolf spider bites you but does no damage.
The redback bites you but does no damage.
The broodmother bites you!!!
You die...

...## ##..######.
##~.^####~†..##^#~.
##^.~##~~#.##.#.^##.
#^~.~#...~^......~#~
#..............~....
#...~#^..^~.^.~.~.#~
##~.^##^^#.##.#~.##~
##s..#.##^.^~####^.
#s@s######..## ##~
#ssy## #....### ##
#..^#s ##..###.. #
#~.^. #( #.~~.#.y..#
#^..# ^# ##[[## #.†
#!~# # #### ### ###


You could see a broodmother (berserk, very poisoned), an emperor scorpion, a
wolf spider (berserk), a moth of wrath, a jumping spider (summoned, berserk), a
tarantella (summoned) and a redback (summoned, berserk).

Vanquished Creatures
  Jorgrun (D:12)
  Rupert (D:13)
  Kirke (Lair:4)
  Donald (Spider:2)
  A tengu reaver (D:13)
  3 emperor scorpions
  3 ghost moths
  A broodmother (Spider:4)
  A dire elephant (Lair:5)
  The ghost of Zeor the Slicer, a journeyman DsGl of Kikubaaqudgha (Lair:5)
  A spark wasp (Spider:4)
  A minotaur (Lair:1)
  Azrael (D:13)
  Snorg (Lair:4)
  A fire dragon (D:13)
  The ghost of Cithrim the Grappler, a journeyman TrBe of Trog (Lair:1)
  A hydra (Lair:2)
  An ice dragon (D:12)
  3 entropy weavers
  2 radroaches
  Erica (D:10)
  An ogre mage (D:14)
  A jorogumo (Spider:4)
  5 centaur warriors
  10 boulder beetles
  8 two-headed ogres
  3 orc high priests (Orc:2)
  2 tengu warriors
  9 death yaks
  A deep elf knight (D:15)
  2 skysharks
  5 skeletal warriors (D:12)
  Nergalle (Lair:2)
  2 pharaoh ants
  The ghost of DarkinPuppy the Slasher, a novice DsGl of Okawaru (D:7)
  2 sun moths (Spider:4)
  5 orb spiders
  2 deep elf archers (D:15)
  3 wizards (D:15)
  6 steelbarb worms
  2 bog bodies (Lair:2)
  Pikel (D:6)
  2 lindwurms (Lair:5)
  3 deep elf zephyrmancers
  A necromancer (D:15)
  4 ugly things
  5 orc sorcerers (Orc:2)
  7 manticores
  6 cyclopes
  7 orc knights
  14 wolf spiders
  14 elephants
  3 moths of wrath
  A naga mage (D:15)
  9 black mambas
  A centaur zombie (D:15)
  16 cane toads
  8 demonic crawlers
  2 centaur skeletons (D:15)
  2 gargoyles
  4 torpor snails
  2 unseen horrors
  5 rime drakes
  10 komodo dragons
  An efreet (D:15)
  13 trolls
  6 meliai (D:15)
  A polar bear (Lair:5)
  Prince Ribbit (D:9)
  8 blink frogs
  21 tarantellas
  6 dream sheep
  A hornet (D:9)
  19 jumping spiders
  23 culicivoras
  A centaur simulacrum (D:14)
  Sigmund (D:4)
  17 slime creatures
  2 wyverns (D:10)
  44 yaks
  3 shadows (D:10)
  5 wraiths
  A fire elemental (D:13)
  3 hogs (Lair:4)
  Grum (D:8)
  7 basilisks
  2 steam dragons
  A golden eye (D:10)
  46 redbacks
  3 vampire mosquitoes
  Menkaure (D:4)
  5 wargs
  A swamp worm (Lair:2)
  5 acid dragons
  21 water moccasins
  4 hell hounds (D:13)
  2 ice beasts (D:7)
  16 orc warriors
  6 black bears
  6 sky beasts
  8 ogres
  5 centaurs
  17 wolves
  A lemure (D:6)
  5 kobold brigands
  Blork the orc (D:6)
  2 gnoll sergeants
  12 bullfrogs
  5 scorpions
  10 wights (D:9)
  A killer bee (D:10)
  2 howler monkeys (D:14)
  11 electric eels
  3 lava snakes (Lair:1)
  18 orc priests
  5 hounds
  2 jellies
  2 gnoll boudas
  2 iguanas
  Ijyb (D:3)
  Terence (D:2)
  20 orc wizards
  A boggart skeleton (D:15)
  9 gnolls
  7 adders
  A shadow imp (D:8)
  A white imp (D:7)
  An ufetubus (D:5)
  2 dart slugs
  59 orcs
  10 endoplasms
  3 giant cockroaches (D:3)
  3 goblins
  6 hobgoblins
  11 jackals
  4 quokkas
  5 ball pythons
  7 bats
  3 frilled lizards
  28 kobolds
  7 rats
832 creatures vanquished.

Notes
Turn   | Place    | Note
-------+----------+-------------------------------------------
     0 | D:1      | jfcaron the Gnoll Berserker began the quest for the Orb.
     0 | D:1      | Reached XP level 1. HP: 23/23 MP: 1/1
   390 | D:1      | Reached XP level 2. HP: 29/29 MP: 2/2
   967 | D:2      | Found a shimmering altar of Xom.
  1104 | D:2      | Reached XP level 3. HP: 35/35 MP: 3/3
  1622 | D:2      | Noticed Terence
  1628 | D:2      | Killed Terence
  1629 | D:2      | Reached skill level 1 in Short Blades
  1629 | D:2      | Reached skill level 1 in Long Blades
  1629 | D:2      | Reached skill level 1 in Maces & Flails
  1629 | D:2      | Reached skill level 1 in Polearms
  1629 | D:2      | Reached skill level 1 in Staves
  1629 | D:2      | Reached skill level 1 in Ranged Weapons
  1629 | D:2      | Reached skill level 1 in Throwing
  1629 | D:2      | Reached skill level 1 in Stealth
  1629 | D:2      | Reached skill level 1 in Shields
  1629 | D:2      | Reached skill level 1 in Unarmed Combat
  1629 | D:2      | Reached skill level 1 in Spellcasting
  1629 | D:2      | Reached skill level 1 in Invocations
  1629 | D:2      | Reached skill level 1 in Evocations
  1631 | D:2      | Reached XP level 4. HP: 41/41 MP: 2/5
  1990 | D:3      | Reached skill level 1 in Conjurations
  1990 | D:3      | Reached skill level 1 in Hexes
  1990 | D:3      | Reached skill level 1 in Summonings
  1990 | D:3      | Reached skill level 1 in Necromancy
  1990 | D:3      | Reached skill level 1 in Translocations
  1990 | D:3      | Reached skill level 1 in Transmutations
  1990 | D:3      | Reached skill level 1 in Fire Magic
  1990 | D:3      | Reached skill level 1 in Ice Magic
  1990 | D:3      | Reached skill level 1 in Air Magic
  1990 | D:3      | Reached skill level 1 in Earth Magic
  1990 | D:3      | Reached skill level 1 in Poison Magic
  2066 | D:3      | Reached ** piety under Trog
  2082 | D:3      | Reached XP level 5. HP: 36/47 MP: 3/7
  2143 | D:3      | Noticed Ijyb
  2153 | D:3      | Killed Ijyb
  2262 | D:3      | Found an ornate altar of the Wu Jian Council.
  2652 | D:4      | Reached XP level 6. HP: 52/53 MP: 8/8
  2662 | D:4      | Reached skill level 2 in Polearms
  2662 | D:4      | Reached skill level 5 in Armour
  2662 | D:4      | Reached skill level 5 in Dodging
  2844 | D:4      | Noticed Sigmund
  2867 | D:4      | Killed Sigmund
  2868 | D:4      | Reached XP level 7. HP: 60/60 MP: 7/10
  3145 | D:4      | Noticed Menkaure
  3147 | D:4      | Killed Menkaure
  3288 | D:4      | Reached *** piety under Trog
  3465 | D:5      | Entered Level 5 of the Dungeon
  4243 | D:5      | Reached skill level 3 in Polearms
  4243 | D:5      | Reached XP level 8. HP: 53/67 MP: 10/12
  4556 | D:6      | Noticed Blork the orc
  4670 | D:6      | Killed Blork the orc
  4873 | D:6      | HP: 6/67 [orc priest/divine providence (12)]
  5252 | D:6      | Noticed Pikel
  5267 | D:6      | Killed Pikel
  5268 | D:6      | Reached skill level 4 in Polearms
  5268 | D:6      | Reached XP level 9. HP: 33/74 MP: 6/15
  5438 | D:6      | Found an ancient bone altar of Kikubaaqudgha.
  5450 | D:6      | Found a staircase to the Ecumenical Temple.
  5864 | D:7      | Noticed Maggie
  5865 | D:7      | Maggie changed into Maggie the yak
  5865 | D:7      | Noticed Maggie
  5952 | D:6      | Killed Maggie the yak
  6226 | D:7      | Found a transporter.
  6235 | D:7      | Found a transporter.
  6242 | D:7      | Noticed a moth of wrath
  6247 | D:7      | Noticed DarkinPuppy's ghost (novice DsGl)
  6341 | D:7      | Found a stormy altar of Qazlal.
  6414 | D:7      | Reached skill level 5 in Invocations
  6593 | D:7      | Found Axemerez's General Store.
  6597 | D:7      | Bought a +0 tower shield for 58 gold pieces
  7135 | D:7      | Reached skill level 5 in Polearms
  7148 | D:7      | HP: 10/74 [moth of wrath (6)]
  7152 | D:7      | Killed a moth of wrath
  7153 | D:7      | Reached skill level 5 in Short Blades
  7153 | D:7      | Reached skill level 5 in Long Blades
  7153 | D:7      | Reached skill level 5 in Maces & Flails
  7153 | D:7      | Reached skill level 5 in Staves
  7153 | D:7      | Reached skill level 5 in Ranged Weapons
  7153 | D:7      | Reached skill level 5 in Throwing
  7153 | D:7      | Reached skill level 5 in Stealth
  7153 | D:7      | Reached skill level 5 in Shields
  7153 | D:7      | Reached skill level 5 in Unarmed Combat
  7153 | D:7      | Reached skill level 5 in Spellcasting
  7153 | D:7      | Reached skill level 5 in Evocations
  7153 | D:7      | Reached XP level 10. HP: 15/81 MP: 2/17
  7356 | D:7      | Killed DarkinPuppy's ghost
  7357 | D:7      | Reached skill level 6 in Polearms
  7527 | D:8      | Noticed Grum
  7856 | D:8      | Killed Grum
  8017 | D:8      | Reached **** piety under Trog
  8749 | D:8      | Found a sacrificial altar of Ru.
  8750 | D:8      | Found a broken altar of Ashenzari.
  8750 | D:8      | Found a hazy altar of Hepliaklqana.
  9352 | D:9      | Noticed a centaur warrior
  9368 | D:9      | Killed a centaur warrior
  9369 | D:9      | Reached skill level 7 in Polearms
  9777 | D:9      | Noticed Prince Ribbit
  9901 | D:9      | Killed Prince Ribbit
  9902 | D:9      | Reached skill level 5 in Conjurations
  9902 | D:9      | Reached skill level 5 in Hexes
  9902 | D:9      | Reached skill level 5 in Summonings
  9902 | D:9      | Reached skill level 5 in Necromancy
  9902 | D:9      | Reached skill level 5 in Translocations
  9902 | D:9      | Reached skill level 5 in Transmutations
  9902 | D:9      | Reached skill level 5 in Fire Magic
  9902 | D:9      | Reached skill level 5 in Ice Magic
  9902 | D:9      | Reached skill level 5 in Air Magic
  9902 | D:9      | Reached skill level 5 in Earth Magic
  9902 | D:9      | Reached skill level 5 in Poison Magic
 10015 | D:9      | Reached XP level 11. HP: 83/89 MP: 17/20
 10844 | D:10     | Entered Level 10 of the Dungeon
 10846 | D:10     | Noticed a manticore
 10860 | D:10     | Killed a manticore
 10861 | D:10     | Reached skill level 8 in Polearms
 11005 | D:10     | Noticed a two-headed ogre
 11020 | D:10     | Killed a two-headed ogre
 11162 | D:10     | Found a white marble altar of Elyvilon.
 11392 | D:10     | Reached ***** piety under Trog
 11570 | D:10     | Found a staircase to the Lair.
 11823 | D:10     | Noticed a two-headed ogre
 11842 | D:10     | Killed a two-headed ogre
 12104 | D:10     | Noticed a two-headed ogre
 12104 | D:10     | Noticed a two-headed ogre
 12133 | D:10     | Reached skill level 9 in Polearms
 12134 | D:10     | Reached XP level 12. HP: 81/97 MP: 17/22
 12441 | D:10     | Found a radiant altar of Vehumet.
 12441 | D:10     | Found a hide-covered altar of Uskayaw.
 12441 | D:10     | Noticed Joseph
 12443 | D:10     | Joseph changed into Joseph the golden eye
 12443 | D:10     | Noticed Joseph
 12454 | D:10     | Found a bloodstained altar of Trog.
 12456 | D:10     | Found a shimmering altar of Xom.
 12465 | D:10     | Killed Joseph the golden eye
 12471 | D:10     | Found a snail-covered altar of Cheibriados.
 12924 | D:10     | Found a burning altar of Makhleb.
 12976 | D:10     | Noticed Erica
 12980 | D:10     | Killed a two-headed ogre
 12994 | D:10     | Killed Erica
 13248 | D:7      | Bought a +3 plate armour of cold resistance for 585 gold
                  | pieces
 13353 | Lair:1   | Entered Level 1 of the Lair of Beasts
 13559 | Lair:1   | Reached skill level 10 in Fighting
 13559 | Lair:1   | Reached skill level 10 in Axes
 13751 | D:11     | Noticed Urug
 13751 | D:11     | Found a staircase to the Orcish Mines.
 13753 | D:11     | Urug changed into Urug the entropy weaver
 13753 | D:11     | Noticed Urug
 13759 | D:10     | Killed Urug the entropy weaver
 14157 | D:11     | Noticed a two-headed ogre
 14164 | D:11     | Killed a two-headed ogre
 14391 | D:11     | Noticed a boulder beetle
 14403 | D:11     | Killed a boulder beetle
 14558 | D:11     | Reached skill level 10 in Polearms
 15148 | Orc:1    | Entered Level 1 of the Orcish Mines
 15518 | Orc:2    | Entered Level 2 of the Orcish Mines
 15681 | Orc:1    | Found Puajaf's Jewellery Boutique.
 15841 | D:7      | Bought a throwing net for 39 gold pieces
 15841 | D:7      | Bought a potion of resistance for 130 gold pieces
 16708 | Orc:2    | Reached XP level 13. HP: 104/104 MP: 25/25
 16959 | Orc:2    | Found a staircase to the Elven Halls.
 17418 | Orc:2    | Reached skill level 11 in Polearms
 17800 | Orc:2    | Found Plog's Antique Armour Boutique.
 17800 | Orc:2    | Found Alizumen's Jewellery Boutique.
 17802 | Orc:2    | Found Ylevou Suwa's Antique Weapon Shoppe.
 17802 | Orc:2    | Found Efoyr's Jewellery Shoppe.
 18022 | Orc:2    | Bought a pair of embroidered gloves for 247 gold pieces
 18238 | Orc:2    | Bought a ring of poison resistance for 300 gold pieces
 18551 | Lair:1   | Reached ****** piety under Trog
 18705 | Lair:1   | Found a runed translucent gate.
 18705 | Lair:1   | Found a runed translucent gate.
 18705 | Lair:1   | Found a runed translucent gate.
 18709 | Lair:1   | Noticed Cithrim's ghost (journeyman TrBe)
 18710 | Lair:1   | Noticed a minotaur
 18806 | Lair:1   | Received a gift from Trog
 19397 | Lair:2   | Noticed Nergalle
 19408 | Lair:2   | Killed Nergalle
 19409 | Lair:2   | Reached skill level 10 in Armour
 19409 | Lair:2   | Reached skill level 10 in Dodging
 19986 | Lair:2   | HP: 8/106 [bog body/bolt of cold (15)]
 20228 | Lair:2   | Found a staircase to the Swamp.
 21031 | Lair:3   | Reached skill level 10 in Invocations
 21031 | Lair:3   | Reached XP level 14. HP: 78/113 MP: 20/27
 21032 | Lair:3   | Reached skill level 12 in Polearms
 21727 | Lair:3   | Found a hole to the Spider Nest.
 21939 | Lair:3   | HP: 21/113 [yak (7)]
 21939 | Lair:3   | HP: 8/113 [death yak[a torpor snail] (13)]
 23234 | Lair:4   | Received a gift from Trog
 23775 | Lair:4   | Noticed Snorg
 23789 | Lair:4   | Killed Snorg
 23976 | Lair:4   | Noticed Kirke
 23988 | Lair:4   | Killed Kirke
 24163 | Lair:4   | Noticed Nessos
 24167 | Lair:4   | Nessos changed into Nessos the black mamba
 24167 | Lair:4   | Noticed Nessos
 24169 | Lair:4   | Killed Nessos the black mamba
 24341 | Lair:5   | Entered Level 5 of the Lair of Beasts
 24349 | Lair:5   | Reached skill level 13 in Polearms
 24974 | Lair:5   | Reached skill level 10 in Short Blades
 24974 | Lair:5   | Reached skill level 10 in Long Blades
 24974 | Lair:5   | Reached skill level 10 in Maces & Flails
 24974 | Lair:5   | Reached skill level 10 in Staves
 24974 | Lair:5   | Reached skill level 10 in Ranged Weapons
 24974 | Lair:5   | Reached skill level 10 in Throwing
 24974 | Lair:5   | Reached skill level 10 in Stealth
 24974 | Lair:5   | Reached skill level 10 in Shields
 24974 | Lair:5   | Reached skill level 10 in Unarmed Combat
 24974 | Lair:5   | Reached skill level 10 in Spellcasting
 24974 | Lair:5   | Reached skill level 10 in Evocations
 25293 | Lair:5   | Reached XP level 15. HP: 120/120 MP: 25/29
 25574 | Lair:5   | Received a gift from Trog
 25769 | Lair:5   | Found a transporter.
 26337 | Lair:5   | Found a transporter.
 26338 | Lair:5   | Noticed Zeor's ghost (journeyman DsGl)
 26386 | Lair:5   | Found a staircase to the Slime Pits.
 26605 | Lair:5   | Identified the +1 dire flail of Nalo Korgh {speed, rC++
                  | Dex+3}
 26728 | Lair:5   | Killed Zeor's ghost
 26923 | Lair:1   | Killed Cithrim's ghost
 27987 | D:12     | Noticed Jorgrun
 27998 | D:12     | Killed Jorgrun
 28236 | D:12     | Reached skill level 14 in Polearms
 29498 | D:13     | Found a transporter.
 29543 | D:13     | Found a one-way gate to the infinite horrors of the Abyss.
 29543 | D:13     | Noticed Laveh's ghost (journeyman MiFi)
 29630 | D:13     | Noticed Azrael
 29640 | D:13     | Killed Azrael
 29644 | D:13     | Found a transporter.
 29841 | D:13     | Noticed Rupert
 29852 | D:13     | Killed Rupert
 30339 | D:13     | Reached XP level 16. HP: 129/129 MP: 30/30
 30349 | D:13     | Noticed a tengu reaver
 30377 | D:13     | Killed a tengu reaver
 31236 | Orc:2    | Bought the +2 hat of the Bear Spirit {Spirit, Bear, *Rage
                  | Will++} for 1151 gold pieces
 31236 | Orc:2    | Found the +2 hat of the Bear Spirit {Spirit, Bear, *Rage
                  | Will++}
 31256 | Orc:2    | Bought the ring "Qikkeq" {+Blink Fly rF+ rCorr Str+2} for
                  | 627 gold pieces
 31527 | D:14     | You are sucked into a shaft and drop 1 floor!
 31527 | D:15     | Entered Level 15 of the Dungeon
 31962 | D:14     | Found a gate to the Vaults.
 32223 | D:15     | Found a hazy altar of Hepliaklqana.
 32673 | D:15     | Received a gift from Trog
 32822 | D:15     | Found a staircase to the Depths.
 33097 | D:15     | Reached skill level 15 in Polearms
 33600 | Spider:1 | Entered Level 1 of the Spider Nest
 35201 | Spider:1 | Received a gift from Trog
 35469 | Spider:1 | Identified the +5 mace of Cez Fioq {spect, rCorr}
 37055 | Spider:2 | Reached XP level 17. HP: 137/137 MP: 29/32
 37621 | Spider:3 | Noticed Donald
 37634 | Spider:2 | Killed Donald
 37664 | Spider:3 | Reached skill level 10 in Conjurations
 37664 | Spider:3 | Reached skill level 10 in Hexes
 37664 | Spider:3 | Reached skill level 10 in Summonings
 37664 | Spider:3 | Reached skill level 10 in Necromancy
 37664 | Spider:3 | Reached skill level 10 in Translocations
 37664 | Spider:3 | Reached skill level 10 in Transmutations
 37664 | Spider:3 | Reached skill level 10 in Fire Magic
 37664 | Spider:3 | Reached skill level 10 in Ice Magic
 37664 | Spider:3 | Reached skill level 10 in Air Magic
 37664 | Spider:3 | Reached skill level 10 in Earth Magic
 37664 | Spider:3 | Reached skill level 10 in Poison Magic
 38593 | Spider:4 | Entered Level 4 of the Spider Nest
 39611 | Spider:4 | Reached skill level 16 in Polearms
 41356 | Spider:4 | HP: 23/138 [wolf spider (17)]
 41356 | Spider:4 | Mangled by a broodmother

Illustrated notes

Levels and vault maps discovered:
D:1:      lightli_arrival_boilingwater, layout_loops_corners
D:2:      layout_basic, basic_altar, minmay_bisected, uniq_terence
D:3:      layout_rooms, mainiacjoe_overflow_24_doors, minmay_unequal, uniq_ijyb
D:4:      layout_basic, bh_walls_and_bars, uniq_menkaure, uniq_sigmund
D:5:      layout_loops_ring, cheibrodos_gnoll_hut
D:6:      layout_basic, lemuel_crystal_altar, minmay_temple_entry_large_hall,
          minmay_misc_feat_plants, uniq_blork_the_orc, uniq_pikel
D:7:      layout_loops_ring, general_overflow_altar,
          gammafunk_ghost_berserking_beasts, serial_shops,
          nicolae_shop_advertising_works [nicolae_subvault_shop_adworks],
          uniq_maggie
D:8:      layout_cave_pods, grunt_temple_overflow_open, uniq_grum
D:9:      layout_roguey, uniq_prince_ribbit1
D:10:     minmay_bubble_buster, layout_basic, elyvilon_altar_5,
          chequers_temple_overflow_minitemple, lightli_temple_of_fire,
          minmay_lair_entry_grove, uniq_erica, uniq_joseph
D:11:     layout_basic, minmay_orc_entry_guard_dogs, uniq_urug
D:12:     minmay_inside_and_out, layout_gridville, kennysheep_flooded_box,
          uniq_jorgrun
D:13:     hourglass_vault, layout_stronghold, gammafunk_ghost_abyssal_escape,
          uniq_azrael, uniq_rupert
D:14:     layout_gridville, david_vaults_2, serial_park_tiny_2
D:15:     grunt_enter_depths_magical_seal, layout_gridville, old_standard_altar,
          minmay_hedge_maze
Lair:1:   layout_roguey, maelrawn_ghost_gauntlet_escape,
          nicolae_lair_liquid_snakes, serial_bayou_shore_b, serial_bayou_shore_a
Lair:2:   layout_roguey, nicolae_swamp_entry_splash_gauntlet,
          guppyfry_lair_drakes, uniq_nergalle
Lair:3:   layout_long_grid, spider_nest_entry_webs, dreamdust_gnoll_shepherd,
          lemuel_fruit_tree
Lair:4:   layout_big_grid, uniq_snorg, uniq_nessos, uniq_kirke
Lair:5:   hangedman_lair_in_review, layout_loops_ring, slime_entry_1,
          gammafunk_ghost_arena, lemuel_old_faithful
Spider:1: layout_spider_delve
Spider:2: layout_spider_delve
Spider:3: layout_spider_delve, uniq_donald
Spider:4: guppyfry_spider_rune, nicolae_spider_baby_got_redback
Orc:1:    layout_caves, serial_shops, nicolae_shop_tiny_glass
Orc:2:    st_orc_elflike, layout_caves, basic_altar

Skill      XL: |  1  2  3  4  5  6  7  8  9 10 11 12 13 14 15 16 17 |
---------------+----------------------------------------------------+-----
Short Blades   | 1 2 3 4 5 6 7 8 9 10 11 12 | 12.1
Long Blades    | 1 2 3 4 5 6 7 8 9 10 11 12 | 12.1
Maces & Flails | 1 2 3 4 5 6 7 8 9 10 11 12 | 12.1
Polearms       | 1 2 3 4 5 7 9 10 11 13 14 15 16 | 16.2
Staves         | 1 2 3 4 5 6 7 8 9 10 11 12 | 12.1
Ranged Weapons | 1 2 3 4 5 6 7 8 9 10 11 12 | 12.1
Throwing       | 1 2 3 4 5 6 7 8 9 10 11 12 | 12.1
Stealth        | 1 2 3 4 5 6 7 8 9 10 11 12 | 12.1
Shields        | 1 2 3 4 5 6 7 8 9 10 11 12 | 12.1
Unarmed Combat | 1 2 3 4 5 6 7 8 9 10 11 12 | 12.1
Spellcasting   | 1 2 3 4 5 6 7 8 9 10 11 12 | 12.1
Invocations    | 1 2 3 4 5 6 7 8 10 11 12 13 | 13.2
Evocations     | 1 2 3 4 5 6 7 8 9 10 11 12 | 12.1
Conjurations   | 1 2 3 4 5 6 7 8 9 10 | 10.3
Hexes          | 1 2 3 4 5 6 7 8 9 10 | 10.3
Summonings     | 1 2 3 4 5 6 7 8 9 10 | 10.3
Necromancy     | 1 2 3 4 5 6 7 8 9 10 | 10.3
Translocations | 1 2 3 4 5 6 7 8 9 10 | 10.3
Transmutations | 1 2 3 4 5 6 7 8 9 10 | 10.3
Fire Magic     | 1 2 3 4 5 6 7 8 9 10 | 10.3
Ice Magic      | 1 2 3 4 5 6 7 8 9 10 | 10.3
Air Magic      | 1 2 3 4 5 6 7 8 9 10 | 10.3
Earth Magic    | 1 2 3 4 5 6 7 8 9 10 | 10.3
Poison Magic   | 1 2 3 4 5 6 7 8 9 10 | 10.3
Armour         | 5 6 7 8 9 10 11 12 | 12.9
Dodging        | 5 6 7 8 9 10 11 12 | 12.9
Fighting       | 7 8 9 10 11 12 13 | 13.7
Axes           | 7 8 9 10 11 12 13 | 13.7

Action                     |  1- 3 |  4- 6 |  7- 9 | 10-12 | 13-15 | 16-18 || total
---------------------------+-------+-------+-------+-------+-------+-------++-------
  Melee: Hand axe          |    62 |   103 |   154 |       |       |       ||   319
         Bite              |     3 |    12 |    32 |   102 |   136 |    97 ||   382
         Punch             |       |       |     5 |       |       |       ||     5
         Flail             |       |       |   163 |   739 |       |       ||   902
         Broad axe         |       |       |       |   136 |   872 |   690 ||  1698
         Scimitar          |       |       |       |       |     6 |       ||     6
   Fire: Shortbow          |       |    79 |    73 |       |       |       ||   152
  Throw: Stone             |     4 |       |       |    10 |   148 |    55 ||   217
         Dart              |       |       |       |   169 |   272 |    80 ||   521
         Boomerang         |       |       |       |     6 |    55 |   174 ||   235
         Javelin           |       |       |       |       |    15 |    17 ||    32
         Throwing net      |       |       |       |       |       |     3 ||     3
 Invoke: Berserk           |     1 |     1 |     3 |     1 |     1 |       ||     7
         Trog's Hand       |       |       |     2 |     1 |       |       ||     3
         Brothers in Arms  |       |       |       |     1 |     5 |     2 ||     8
  Evoke: Wand              |       |     1 |     7 |    38 |    30 |    27 ||   103
    Use: Scroll            |     9 |       |     4 |    12 |     5 |     5 ||    35
         Potion            |       |     1 |     2 |     1 |     2 |     2 ||     8
   Stab: Sleeping          |     1 |       |       |       |       |       ||     1
         Invisible         |       |       |       |     3 |       |       ||     3
         Distracted        |       |       |       |       |     1 |       ||     1
 Armour: Animal skin       |    11 |       |       |       |       |       ||    11
         Ring mail         |     1 |       |       |       |       |       ||     1
         Chain mail        |       |    97 |    17 |       |       |       ||   114
         Skin              |       |     3 |       |       |       |       ||     3
         Plate armour      |       |       |   272 |   625 |   325 |   291 ||  1513
         Crystal plate arm |       |       |       |       |       |   192 ||   192
  Dodge: Dodged            |    30 |    70 |   156 |   227 |   256 |   209 ||   948
  Block: Tower shield      |       |       |    41 |   776 |   900 |   851 ||  2568
         Reflection        |       |       |       |       |    26 |    23 ||    49

Table legend: (Time is in decaauts)
 A = Elapsed time spent in this place.
 B = Non-inter-level travel time spent in this place.
 C = Inter-level travel time spent in this place.
 D = Time resting spent in this place.
 E = Time spent auto-exploring this place.
 F = Levels seen in this place.
 G = Mean time per level.
                   A        B        C        D        E       F      G
               +--------+--------+--------+--------+--------+-----+--------+
         Total |  42431 |  38457 |   3974 |  10228 |  20798 |  26 | 1632.0 |
       Dungeon |  21907 |  20111 |   1796 |   4183 |  11845 |  15 | 1460.5 |
          Lair |   9425 |   8854 |    571 |   2599 |   4703 |   5 | 1885.0 |
   Spider Nest |   8030 |   6930 |   1100 |   2390 |   3295 |   4 | 2007.5 |
  Orcish Mines |   3069 |   2563 |    506 |   1054 |    954 |   2 | 1534.5 |
               +--------+--------+--------+--------+--------+-----+--------+

Top non-repeatable levels by time:
    D:10: 2690 daAuts
Spider:4: 2590 daAuts
    D:12: 2557 daAuts
  Lair:5: 2491 daAuts
   Orc:2: 2236 daAuts
Spider:1: 2153 daAuts
Spider:2: 2111 daAuts
  Lair:3: 2008 daAuts
     D:9: 1960 daAuts
     D:7: 1924 daAuts
    D:13: 1834 daAuts
  Lair:1: 1743 daAuts
  Lair:2: 1723 daAuts
     D:6: 1506 daAuts
  Lair:4: 1458 daAuts

Table legend:
 A = Kills in this place as a percentage of kills in the entire game.
 B = Kills by you in this place as a percentage of kills by you in the entire game.
 C = Kills by friends in this place as a percentage of kills by friends in the entire game.
 D = Other kills in this place as a percentage of other kills in the entire game.
 E = Experience gained in this place as a percentage of experience gained in the entire game.
 F = Experience gained in this place divided by the number of levels of this place that you have seen.
                   A       B       C       D       E      F
               +-------+-------+-------+-------+-------+----------------------
         Total | 100.0 | 100.0 | 100.0 | 100.0 | 100.0 | 8358.6
       Dungeon |  49.1 |  48.3 |  72.7 | 100.0 |  35.8 | 5179.8
          Lair |  22.7 |  22.8 |  22.7 |   0.0 |  28.0 | 12186.2
   Spider Nest |  20.1 |  20.7 |   0.0 |   0.0 |  29.9 | 16236.2
  Orcish Mines |   8.1 |   8.2 |   4.5 |   0.0 |   6.3 | 6875.5
               +-------+-------+-------+-------+-------+----------------------

Levels and vault maps discovered:
D:1:      lightli_arrival_boilingwater, layout_loops_corners
D:2:      layout_basic, basic_altar, minmay_bisected, uniq_terence
D:3:      layout_rooms, mainiacjoe_overflow_24_doors, minmay_unequal, uniq_ijyb
D:4:      layout_basic, bh_walls_and_bars, uniq_menkaure, uniq_sigmund
D:5:      layout_loops_ring, cheibrodos_gnoll_hut
D:6:      layout_basic, lemuel_crystal_altar, minmay_temple_entry_large_hall,
          minmay_misc_feat_plants, uniq_blork_the_orc, uniq_pikel
D:7:      layout_loops_ring, general_overflow_altar,
          gammafunk_ghost_berserking_beasts, serial_shops,
          nicolae_shop_advertising_works [nicolae_subvault_shop_adworks],
          uniq_maggie
D:8:      layout_cave_pods, grunt_temple_overflow_open, uniq_grum
D:9:      layout_roguey, uniq_prince_ribbit1
D:10:     minmay_bubble_buster, layout_basic, elyvilon_altar_5,
          chequers_temple_overflow_minitemple, lightli_temple_of_fire,
          minmay_lair_entry_grove, uniq_erica, uniq_joseph
D:11:     layout_basic, minmay_orc_entry_guard_dogs, uniq_urug
D:12:     minmay_inside_and_out, layout_gridville, kennysheep_flooded_box,
          uniq_jorgrun
D:13:     hourglass_vault, layout_stronghold, gammafunk_ghost_abyssal_escape,
          uniq_azrael, uniq_rupert
D:14:     layout_gridville, david_vaults_2, serial_park_tiny_2
D:15:     grunt_enter_depths_magical_seal, layout_gridville, old_standard_altar,
          minmay_hedge_maze
Lair:1:   layout_roguey, maelrawn_ghost_gauntlet_escape,
          nicolae_lair_liquid_snakes, serial_bayou_shore_b, serial_bayou_shore_a
Lair:2:   layout_roguey, nicolae_swamp_entry_splash_gauntlet,
          guppyfry_lair_drakes, uniq_nergalle
Lair:3:   layout_long_grid, spider_nest_entry_webs, dreamdust_gnoll_shepherd,
          lemuel_fruit_tree
Lair:4:   layout_big_grid, uniq_snorg, uniq_nessos, uniq_kirke
Lair:5:   hangedman_lair_in_review, layout_loops_ring, slime_entry_1,
          gammafunk_ghost_arena, lemuel_old_faithful
Spider:1: layout_spider_delve
Spider:2: layout_spider_delve
Spider:3: layout_spider_delve, uniq_donald
Spider:4: guppyfry_spider_rune, nicolae_spider_baby_got_redback
Orc:1:    layout_caves, serial_shops, nicolae_shop_tiny_glass
Orc:2:    st_orc_elflike, layout_caves, basic_altar
